 Dungeon Crawl Stone Soup version 0.27-a0-67-g4bfc8a49e1 (webtiles) character file.

Game seed: 2868975132890061859

307 Borgoz the Sneak (level 6, -6/42 HPs)
             Began as a Halfling Brigand on Jan 9, 2021.
             Mangled by an ogre
             ... wielding a +0 giant club
              (15 damage)
             ... on level 3 of the Dungeon.
             The game lasted 00:05:06 (3127 turns).

Borgoz the Sneak (Halfling Brigand)                 Turns: 3127, Time: 00:05:07

Health: -6/42      AC:  9    Str: 14    XL:     6   Next: 68%
Magic:  6/6        EV: 16    Int:  9    God:
Gold:   65         SH:  0    Dex: 16    Spells: 5/5 levels left

rFire    . . .     SeeInvis .   a - +2 dagger
rCold    . . .     Faith    .   (shield restricted)
rNeg     . . .     Spirit   .   s - +0 leather armour
rPois    .         Reflect  .   i - +0 helmet
rElec    .         Harm     .   c - +1 cloak
rCorr    .         Rampage  .   g - +2 pair of gloves
Will     .....                  (no boots)
Stlth    +++.......             (no amulet)
HPRegen  0.14/turn              (no ring)
MPRegen  0.10/turn              (no ring)

@: lethally poisoned (-6 -> -7)
A: small, mutation resistance 1
a: no special abilities


You were on level 3 of the Dungeon.
You visited 1 branch of the dungeon, and saw 3 of its levels.
You also visited: Sewer.

You collected 65 gold pieces.

Inventory:

Hand Weapons
 a - a +2 dagger (weapon)
Armour
 c - a +1 cloak (worn)
 g - a +2 pair of gloves (worn)
 i - a +0 helmet (worn)
 s - a +0 leather armour (worn)
Scrolls
 f - a scroll of enchant armour
 j - a scroll of random uselessness {unknown}
 p - a scroll of enchant weapon
Potions
 b - 2 potions of heal wounds {unknown}
 d - a potion of brilliance {unknown}
 e - a potion of berserk rage {unknown}
 h - a potion of resistance {unknown}
 o - 3 potions of might {unknown}
 q - 3 potions of curing


   Skills:
 * Level 3.4 Fighting
 + Level 3.6 Short Blades
 - Level 2.0 Throwing
 * Level 3.4 Armour
 * Level 3.7 Dodging
 - Level 4.3 Stealth


You had 5 spell levels left.
You didn't know any spells.
Your spell library was empty.

Dungeon Overview and Level Annotations

Branches:
Dungeon (3/15)              Sewer (visited)

Altars:
Qazlal
Yredelemnul


Innate Abilities, Weirdness & Mutations

You are small and have problems with some larger weapons.
You are somewhat resistant to further mutation.


Message History

The ogre is moderately wounded.
The bat misses you.
You hit the ogre but do no damage.
The ogre is moderately wounded.
You feel sick. The bat completely misses you. The bat misses you.
The ogre closely misses you.
You hit the ogre.
The ogre is heavily wounded.
The bat barely misses you. The ogre barely misses you.
You hit the ogre.
The ogre is severely wounded.
The bat closely misses you.
You hit the ogre.
The ogre is severely wounded.
The bat barely misses you. The ogre barely misses you.
The bat hits you but does no damage.
You barely miss the ogre.
The ogre is severely wounded.
The bat misses you. The ogre hits you with a +0 giant club!
You die...

**********,,,,*
*.##**,,,**,*
#######...,+,,,**,*
#.........**,,,**,*
#.........*#...**,*
#*###.........*#...#*,*
#.,......r....*#...##.*
#.###.........*#.....,*
#.≈≈≈≈@..[....##....###
#.≈...Ob.........<..#..
##≈≈≈≈.######.##....#.#
####..# #.##.......
#.## #.##..(##.#
#.#######.###.....#
#.##≈..≈..(((.#####
#.#....≈≈.≈≈†..##*≈
*#...≈...≈†).≈...#*≈


You could see an ogre, a quokka and a bat.

Vanquished Creatures
  2 big kobolds (Sewer)
  4 adders
  2 river rats (Sewer)
  3 worms
  3 dart slugs
  A leopard gecko (D:2)
  6 ball pythons (Sewer)
  4 bats
  5 giant cockroaches
  7 goblins
  5 hobgoblins
  6 jackals (D:1)
  21 kobolds
  2 quokkas
  7 frilled lizards
  25 rats
103 creatures vanquished.

Notes
Turn   | Place    | Note
-------+----------+-------------------------------------------
     0 | D:1      | Borgoz the Halfling Brigand began the quest for the Orb.
     0 | D:1      | Reached XP level 1. HP: 14/14 MP: 1/1
   109 | D:1      | Reached XP level 2. HP: 19/19 MP: 2/2
   416 | D:1      | Reached skill level 1 in Armour
   506 | D:1      | Reached XP level 3. HP: 24/24 MP: 3/3
  1314 | D:2      | Reached XP level 4. HP: 30/30 MP: 4/4
  1534 | D:3      | Found a stormy altar of Qazlal.
  1570 | D:3      | Found a glowing drain.
  1623 | Sewer    | Entered a sewer
  1775 | Sewer    | Noticed a big kobold
  1810 | Sewer    | Killed a big kobold
  1811 | Sewer    | Reached XP level 5. HP: 12/36 MP: 5/5
  2218 | Sewer    | Reached XP level 6. HP: 18/42 MP: 6/6
  3037 | D:3      | Found a basalt altar of Yredelemnul.
  3106 | D:3      | Noticed an ogre
  3127 | D:3      | Mangled by an ogre

Illustrated notes

Levels and vault maps discovered:
D:1:      tarquinn_simple_flora_water_c, layout_basic, kennysheep_crisscross
D:2:      layout_loops_cross, fedhas_altar_2
D:3:      layout_basic, yredelemnul_altar_generic,
          nicolae_overflow_hidden_temple, portal_sewer_entry_d, serial_rivers,
          chequers_serial_rivers_marsh, chequers_serial_rivers_micro_e,
          chequers_serial_rivers_micro_d, chequers_serial_rivers_small_3,
          chequers_serial_rivers_room_a, chequers_serial_rivers_micro_b,
          grunt_qazlal_sundering

Skill      XL: |  1  2  3  4  5  6 |
---------------+-------------------+-----
Fighting       | 2 3 |  3.4
Armour         | 1 2 3 |  3.4
Dodging        | 2 3 |  3.7
Short Blades   | 3 |  3.6
Throwing       | |  2.0
Stealth        | |  4.3

Action                   |  1- 3 |  4- 6 || total
-------------------------+-------+-------++-------
Melee: Dagger            |    88 |   317 ||   405
Throw: Dart              |       |    12 ||    12
  Use: Scroll            |     3 |     8 ||    11
       Potion            |       |     3 ||     3
 Stab: Sleeping          |    10 |     8 ||    18
       Distracted        |       |     1 ||     1
Armor: Robe              |    24 |    58 ||    82
       Leather armour    |       |    43 ||    43
Dodge: Dodged            |    62 |   374 ||   436

Table legend: (Time is in decaauts)
 A = Elapsed time spent in this place.
 B = Non-inter-level travel time spent in this place.
 C = Inter-level travel time spent in this place.
 D = Time resting spent in this place.
 E = Time spent auto-exploring this place.
 F = Levels seen in this place.
 G = Mean time per level.
                   A        B        C        D        E       F      G
               +--------+--------+--------+--------+--------+-----+--------+
         Total |   3085 |   3000 |     85 |    638 |   1508 |   4 |  771.2 |
       Dungeon |   1798 |   1713 |     85 |    174 |   1080 |   3 |  599.3 |
         Sewer |   1286 |   1286 |      0 |    464 |    428 |   1 | 1286.0 |
               +--------+--------+--------+--------+--------+-----+--------+

Top non-repeatable levels by time:
   Sewer: 1286 daAuts
     D:1: 1007 daAuts
     D:3: 447 daAuts
     D:2: 343 daAuts
